 Dungeon Crawl Stone Soup version 0.19.1-1-g22dce08 (webtiles) character file.

858 graki42 the Magician (level 7, -3/37 HPs)
             Began as a Deep Elf Fire Elementalist on Jan 6, 2017.
             Slain by a hill giant
             ... wielding a cursed -1 giant spiked club
              (29 damage)
             ... on level 6 of the Dungeon.
             The game lasted 00:15:46 (4840 turns).

graki42 the Magician (Deep Elf Fire Elementalist)   Turns: 4840, Time: 00:15:46

Health: -3/37      AC:  6    Str:  7    XL:     7   Next: 71%
Magic:  7/19       EV: 17    Int: 20    God:
Gold:   145        SH:  0    Dex: 15    Spells: 4 memorised, 9 levels left

rFire  . . .     SeeInvis .     w - staff of poison
rCold  . . .     Gourm    .     a - +0 robe
rNeg   . . .     Faith    .     (no shield)
rPois  +         Spirit   .     (no helmet)
rElec  .         Reflect  .     v - +2 cloak
rCorr  .         Harm     .     p - +0 pair of gloves
MR     .....                    (no boots)
Stlth  ++........               (no amulet)
                                A - +3 ring of evasion
                                h - ring of poison resistance

@: no status effects
A: no striking features
a: no special abilities


You were on level 6 of the Dungeon.
You were hungry.

You visited 1 branch of the dungeon, and saw 6 of its levels.

You collected 250 gold pieces.
You spent 105 gold pieces at shops.

Inventory:

Hand Weapons
 s - a +4 dagger of pain
Missiles
 i - 2 throwing nets (quivered)
Armour
 a - a +0 robe (worn)
 p - a +0 pair of gloves (worn)
 v - a +2 cloak (worn)
Magical Staves
 w - an uncursed staff of poison (weapon)
Jewellery
 h - a ring of poison resistance (left hand)
 A - a +3 ring of evasion (right hand)
Scrolls
 d - 5 scrolls of remove curse
 e - a scroll of blinking {unknown}
 f - 2 scrolls of enchant armour {unknown}
 g - 2 scrolls of teleportation {unknown}
 o - a scroll of amnesia {unknown}
 u - a scroll of fog {unknown}
 y - a scroll of recharging {unknown}
 B - a scroll of fear {unknown}
Potions
 m - 4 potions of heal wounds
 q - 9 potions of curing
 r - a potion of magic
 x - a potion of brilliance
Books
 b - a book of Flames

   Spells                             Type                      Level
   a - Flame Tongue                   Conjuration/Fire             1
   b - Throw Flame                    Conjuration/Fire             2
   c - Conjure Flame                  Conjuration/Fire             3
   d - Inner Flame                    Hexes/Fire                   3
   e - Sticky Flame                   Conjuration/Fire             4
   f - Fireball                       Conjuration/Fire             5
Comestibles
 c - 4 bread rations
 j - a beef jerky
 l - 2 meat rations
 n - a slice of pizza
 t - a royal jelly
 z - 9 fruits


   Skills:
 + Level 0.7 Fighting
 + Level 4.3 Dodging
 - Level 2.4 Stealth
 + Level 7.4 Spellcasting
 + Level 4.8 Conjurations
 + Level 0.3 Hexes
 + Level 5.7 Fire Magic


You had 9 spell levels left.
You knew the following spells:

 Your Spells              Type           Power        Failure   Level  Hunger
a - Flame Tongue          Conj/Fire      ####.        1%          1    None
b - Conjure Flame         Conj/Fire      ####....     3%          3    #......
c - Inner Flame           Hex/Fire       ###.....     10%         3    #......
d - Sticky Flame          Conj/Fire      ####....     12%         4    ###....


Dungeon Overview and Level Annotations

Branches:
Dungeon (6/15)
 Temple: D:4-7

Altars:
Fedhas
Gozag
Nemelex Xobeh
Qazlal
Ru
Sif Muna
Uskayaw
Xom
The Shining One

Shops:
D:4 *


Message History

Press: ? - help, Shift-Dir - straight line, f/p - hill giant
Aim: a hill giant, wielding a giant spiked club (lightly wounded)
The flame tongue hits the hill giant.
The hill giant appears unharmed.
The hill giant is lightly wounded.
Casting: Flame Tongue
Confirm with . or Enter, or press ? or * to list all spells.
Aiming: Sticky Flame
Press: ? - help, Shift-Dir - straight line, f/p - hill giant
Aim: a hill giant, wielding a giant spiked club (flame, lightly wounded)
The sticky flame hits the hill giant.
The hill giant is moderately wounded.
The hill giant is covered in liquid flames!
The hill giant burns!
The hill giant is engulfed in roaring flames.
The hill giant closely misses you.
The hill giant burns!
The hill giant is engulfed in roaring flames.
The hill giant hits you with a giant spiked club!!
Ouch! That really hurt!
You die...

####............# #...# ##...#.
#..<.##########.# #...######.#.
#.##.# #.# #............
#.##)##########.####....####.#.
#.......##............≈≈.......
#.......##.####......≈≈≈≈....(.
#.[.............#.....≈≈§≈......
#...............#.....≈≈§§≈.....
#.......###.###@#.....≈≈§≈§.....
###.....# #.# #C#....≈≈§§§≈.....
.....## # #.#..≈≈≈≈§≈≈§≈....
#####.# #.#≈≈≈≈≈≈≈§§§≈≈...
....≈.≈§§≈≈≈≈≈≈... ...
.≈≈≈≈≈≈≈≈≈≈≈. ..# ≈≈≈≈≈≈≈≈.[..
...#


You could see a hill giant (burning).

Vanquished Creatures
  An ice beast (D:6)
  The ghost of dscm the Ducker, an amateur DENe (D:3)
  2 scorpions (D:4)
  A centaur zombie (D:6)
  A quasit (D:5)
  3 hounds
  A jelly (D:5)
  An orc priest (D:5)
  A gnoll shaman (D:4)
  Ijyb (D:2)
  Terence (D:3)
  An iguana (D:4)
  An orc wizard (D:5)
  3 worker ants
  8 gnolls
  4 adders
  A worm (D:4)
  3 leopard geckos
  5 orcs
  2 ball pythons
  3 giant cockroaches
  6 goblins
  6 hobgoblins
  5 jackals
  7 kobolds
  2 quokkas
  10 bats
  2 frilled lizards (D:4)
  A jackal skeleton (D:4)
  A leopard gecko skeleton (D:4)
  A leopard gecko zombie (D:5)
  5 rats
91 creatures vanquished.

Notes
Turn   | Place    | Note
-------+----------+-------------------------------------------
     0 | D:1      | graki42 the Deep Elf Fire Elementalist began the quest for the Orb.
     0 | D:1      | Reached XP level 1. HP: 10/10 MP: 6/6
   721 | D:1      | Reached XP level 2. HP: 11/15 MP: 0/8
  1071 | D:2      | Found a stormy altar of Qazlal.
  1337 | D:2      | Reached XP level 3. HP: 19/19 MP: 6/10
  1377 | D:2      | Noticed Ijyb
  1382 | D:2      | Killed Ijyb
  1382 | D:2      | Reached skill level 4 in Spellcasting
  1850 | D:3      | Noticed dscm's ghost (amateur DENe)
  1860 | D:3      | Killed dscm's ghost
  1860 | D:3      | Reached XP level 4. HP: 8/24 MP: 3/12
  2022 | D:3      | Found an opulent altar of Gozag.
  2024 | D:3      | Noticed Terence
  2031 | D:3      | Learned a level 3 spell: Conjure Flame
  2035 | D:3      | Learned a level 3 spell: Inner Flame
  2040 | D:3      | Learned a level 4 spell: Sticky Flame
  2057 | D:3      | Killed Terence
  2057 | D:3      | Reached skill level 5 in Spellcasting
  2057 | D:3      | Reached XP level 5. HP: 28/28 MP: 0/14
  2115 | D:3      | Found a hide-covered altar of Uskayaw.
  2316 | D:3      | Reached skill level 5 in Fire Magic
  2655 | D:3      | Found a sparkling altar of Nemelex Xobeh.
  3018 | D:4      | Reached XP level 6. HP: 32/32 MP: 4/16
  3182 | D:4      | Reached skill level 6 in Spellcasting
  3452 | D:4      | Found Jekle's Assorted Antiques.
  3469 | D:4      | Bought a scratched glass ring for 105 gold pieces
  3748 | D:4      | Reached XP level 7. HP: 36/36 MP: 0/18
  3929 | D:5      | Entered Level 5 of the Dungeon
  4008 | D:5      | Found a stormy altar of Qazlal.
  4008 | D:5      | Found a shimmering altar of Xom.
  4009 | D:5      | Found a glowing golden altar of the Shining One.
  4027 | D:5      | Found a blossoming altar of Fedhas.
  4155 | D:5      | Reached skill level 7 in Spellcasting
  4157 | D:5      | Found a sacrificial altar of Ru.
  4712 | D:5      | Found a deep blue altar of Sif Muna.
  4834 | D:6      | Noticed a hill giant
  4840 | D:6      | Slain by a hill giant

Skill      XL: |  1  2  3  4  5  6  7 |
---------------+----------------------+-----
Dodging        | 3 4 |  4.3
Spellcasting   | 4 5 6 7 |  7.4
Fire Magic     | 4 5 |  5.7
Conjurations   | 2 4 |  4.8
Fighting       | |  0.7
Stealth        | |  2.4
Hexes          | |  0.3

Action                   |  1- 3 |  4- 6 |  7- 9 || total
-------------------------+-------+-------+-------++-------
Melee: Unarmed           |     2 |       |       ||     2
       Dagger            |       |     3 |     3 ||     6
       Staff             |       |       |    11 ||    11
 Cast: Flame Tongue      |    65 |    78 |    36 ||   179
       Inner Flame       |       |     6 |       ||     6
       Conjure Flame     |       |     3 |     2 ||     5
       Sticky Flame      |       |     4 |     5 ||     9
  Use: Scroll            |       |     7 |       ||     7
       Potion            |       |     1 |       ||     1
 Stab: Sleeping          |       |     3 |     1 ||     4
  Eat: Chunk             |     2 |     7 |     4 ||    13
Armor: Robe              |    13 |     5 |    23 ||    41
Dodge: Dodged            |    45 |    24 |    64 ||   133
